 Dungeon Crawl Stone Soup version 0.28-a0-730-g892d06dc2c (webtiles) character file.

Game seed: 9371790669756386443

8 cheechan the Sneak (level 2, -3/21 HPs)
             Began as an Octopode Delver on Oct 28, 2021.
             Was a Plaything of Xom.
             Slain by an orc wizard (4 damage)
             ... on level 4 of the Dungeon.
             The game lasted 00:02:35 (362 turns).

cheechan the Sneak (Octopode Delver)                 Turns: 362, Time: 00:02:36

Health: -3/21      AC:  1    Str: 11    XL:     2   Next: 8%
Magic:  2/2        EV: 13    Int: 12    God:    Xom [..*...]
Gold:   8          SH:  0    Dex: 13    Spells: 1/1 levels left

rFire   . . .      SeeInvis .   a - +0 spear
rCold   . . .      Faith    .   (no shield)
rNeg    . . .      Spirit   .   (helmet restricted)
rPois   .          Reflect  .   (no amulet)
rElec   .          Harm     .   (no ring)
rCorr   .          Rampage  .   (no ring)
Will    .....                   (no ring)
Stlth   ++........              (no ring)
HPRegen 0.07/turn               (no ring)
MPRegen 0.08/turn               (no ring)
                                (no ring)
                                (no ring)

@: confused, mighty
A: almost no armour, amphibious, 8 rings, camouflage 1, gelatinous body 1,
(nimble swimmer 1), tentacles
a: Renounce Religion


You were on level 4 of the Dungeon.
You worshipped Xom.
You were a toy of Xom.
You visited 2 branches of the dungeon, and saw 3 of its levels.

You collected 8 gold pieces.

Inventory:

Hand Weapons
 a - a +0 spear (weapon)
Missiles
 h - 19 arrows
Wands
 f - a wand of digging (3)
Scrolls
 b - a scroll of fog
 c - a scroll of magic mapping
Potions
 d - a potion of lignification {unknown}
 e - a potion of haste
 g - a potion of curing {unknown}


   Skills:
 + Level 3.0 Fighting
 + Level 2.0 Polearms
 + Level 2.0 Dodging
 + Level 7.1 Stealth


You had one spell level left.
You didn't know any spells.
Your spell library was empty.

Dungeon Overview and Level Annotations

Branches:
Dungeon (5/15)             Temple (1/1) D:5

Altars:
Ashenzari
Dithmenos
Fedhas
Gozag
Kikubaaqudgha
Makhleb
Nemelex Xobeh
Okawaru
Qazlal
Ru
Sif Muna
Uskayaw
Vehumet
Wu Jian
Xom
Yredelemnul
Zin
The Shining One


Innate Abilities, Weirdness & Mutations

You cannot wear most types of armour.
You are amphibious.
You can wear up to eight rings at the same time.
Your skin changes colour to match your surroundings (Stealth+).
Your rubbery body absorbs attacks. (AC +1, EV +1)
((You are camouflaged near water. (Stealth+)))
You have tentacles for arms and can constrict up to eight enemies at once.


Message History

The ball python is moderately wounded.
You constrict the ball python.
The orc seems to regain its courage.
The ball python bites you. The ball python constricts you.
You hit the ball python but do no damage.
The ball python is heavily wounded.
You constrict the ball python. "Go forth and destroy!"
You feel very mighty all of a sudden.
The ball python bites you but does no damage.
The ball python constricts you.
You hit the ball python.
You kill the ball python!
Xom grants you a minor favour.
You feel better.
Your Stealth skill increases to level 7!
There is an escape hatch in the floor here.
Okay, then.
Okay, then.
There is an escape hatch in the floor here.
A magic dart appears from out of thin air!
The magic dart hits you.
You puncture the orc!
You kill the orc!
You have reached level 2!
You puncture something! Something hits you.
* * * LOW HITPOINT WARNING * * *
You miss something. Something completely misses you.
You barely miss something. Something hits you but does no damage.
You closely miss something.
You hear some strange, mumbled words.
Something tries to affect you, but you resist.
You barely miss something. Your squeeze misses something. Something hits you.
* * * LOW HITPOINT WARNING * * *
You closely miss something. Your squeeze misses something.
You hear some strange, mumbled words.
You are confused.
You're too confused to move!
Something hits you.
* * * LOW HITPOINT WARNING * * *
You barely miss something. Something hits you.
You die...

.............###.#
........#.....#..##.##
....<..##.##..........
............##..####..
#.....###.##...##
.#.....###.......# .
.........#...##.##...
...........o##.......
...#.......o{@.......
#......#.##........
.........#...........
......##...........$..
...... ##.............
...### .............
... ###...........
...##....... ... ..


You could see 2 orcs.

Vanquished Creatures
  An orc (D:4)
  3 jackals (D:5)
  2 ball pythons (D:4)
6 creatures vanquished.

Notes
Turn   | Place    | Note
-------+----------+-------------------------------------------
     0 | D:5      | cheechan the Octopode Delver began the quest for the Orb.
     0 | D:5      | Reached XP level 1. HP: 16/16 MP: 1/1
    42 | D:5      | Found a staircase to the Ecumenical Temple.
    51 | Temple   | Entered the Ecumenical Temple
   232 | Temple   | Became a worshipper of Xom of Chaos
   318 | D:4      | Noticed an orc wizard
   345 | D:4      | XOM: potion effect (might)
   346 | D:4      | XOM: potion effect (curing)
   347 | D:4      | Reached skill level 7 in Stealth
   355 | D:4      | Reached XP level 2. HP: 8/21 MP: 2/2
   361 | D:4      | HP: 1/21 [something (3)]
   362 | D:4      | Slain by an orc wizard

Illustrated notes

Levels and vault maps discovered:
D:4:      layout_cave_pools, lexackson_kobold_supper
D:5:      minmay_spotlight, layout_basic, minmay_temple_entry_gardened_gates,
          kennysheep_potato
Temple:   dpeg_five_rooms_temple

Skill      XL: |  1 |
---------------+----+-----
Stealth        | 7 |  7.1
Fighting       | |  3.0
Polearms       | |  2.0
Dodging        | |  2.0

Action                   || total
-------------------------++-------
Melee: Spear             ||    23
       Constrict         ||     2
       Tentacles         ||     2
  Use: Scroll            ||     1
 Stab: Sleeping          ||     2
Armor: Skin              ||     2
Dodge: Dodged            ||     6

Table legend: (Time is in decaauts)
 A = Elapsed time spent in this place.
 B = Non-inter-level travel time spent in this place.
 C = Inter-level travel time spent in this place.
 D = Time resting spent in this place.
 E = Time spent auto-exploring this place.
 F = Levels seen in this place.
 G = Mean time per level.
                   A        B        C        D        E       F      G
               +--------+--------+--------+--------+--------+-----+--------+
         Total |    361 |    361 |      0 |      0 |      0 |   3 |  120.3 |
       Dungeon |    144 |    144 |      0 |      0 |      0 |   2 |   72.0 |
        Temple |    217 |    217 |      0 |      0 |      0 |   1 |  217.0 |
               +--------+--------+--------+--------+--------+-----+--------+

Top non-repeatable levels by time:
  Temple: 217 daAuts
     D:5: 100 daAuts
     D:4: 43 daAuts
